 Dungeon Crawl Stone Soup version 0.31-a0-1074-g0b22e4e0f1 (webtiles) character file.

Game seed: 3591895672452077476

19728 D12ThenQuit the Destroyer (level 12, 85/85 HPs)
             Began as an Octopode Gladiator on Nov 12, 2023.
             Was an Elder of Vehumet.
             Got out of the dungeon alive.
             The game lasted 00:49:28 (14280 turns).

D12ThenQuit the Destroyer (Octopode Gladiator)     Turns: 14280, Time: 00:49:29

Health: 85/85      AC:  9    Str: 13    XL:     12   Next: 72%
Magic:  25/25      EV: 18    Int: 20    God:    Vehumet [****..]
Gold:   635        SH:  0    Dex: 16    Spells: 13/29 levels left

rFire   x x .        S - +1 short sword of Butchery {heavy, Int+4 Dex+3}
rCold   x x .        (no shield)
rNeg    . . .        b - +0 hat
rPois   +            e - amulet of Elemental Vulnerability {rPois rF-- rC-- AC+8}
rElec   .            (no ring)
rCorr   .            (no ring)
SInv    .            (no ring)
Will    .....        (no ring)
Stlth   ++           (no ring)
HPRegen 0.34/turn    (no ring)
MPRegen 0.19/turn    (no ring)
                     (no ring)

%: no passive effects
@: no status effects
A: almost no armour, amphibious, 8 rings, camouflage 1, gelatinous body 1,
(nimble swimmer 1), tentacles
a: Renounce Religion


You escaped.
You worshipped Vehumet.
Vehumet was greatly pleased with you.
You visited 2 branches of the dungeon, and saw 15 of its levels.
You also visited: Ossuary.

You collected 1003 gold pieces.
You spent 368 gold pieces at shops.

Inventory:

Hand Weapons
 a - a +5 war axe of freezing
 j - a +0 vampiric spear
 v - the +1 flail "Dragonbane" {elec, rC+ Int+3 Dex-3 SInv}
   (You found it on level 5 of the Dungeon)

   Int+3:     It affects your intelligence (+3).
   Dex-3:     It affects your dexterity (-3).
   rC+:       It protects you from cold.
   SInv:      It lets you see invisible.
 y - a +0 quarterstaff
 H - a +0 mace of venom
 L - a +0 orcbow
 S - the +1 short sword of Butchery (weapon) {heavy, Int+4 Dex+3}
   (You bought it in a shop on level 5 of the Dungeon)

   Int+4:     It affects your intelligence (+4).
   Dex+3:     It affects your dexterity (+3).
Missiles
 c - 3 throwing nets
 d - 7 javelins
 l - 40 poisoned darts (quivered)
Armour
 b - a +0 hat (worn)
Magical Staves
 m - a staff of poison
Jewellery
 e - the amulet of Elemental Vulnerability (around mantle) {rPois rF-- rC-- AC+8}
   (You found it on level 5 of the Dungeon)

   [amulet of nothing]

   AC+8:      It affects your AC (+8).
   rF--:      It makes you very vulnerable to fire.
   rC--:      It makes you very vulnerable to cold.
   rPois:     It protects you from poison
 f - an amulet of reflection
 G - an amulet of magic regeneration
Wands
 u - a wand of iceblast (16)
 K - a wand of paralysis (16)
 N - a wand of mindburst (15)
Scrolls
 h - 8 scrolls of teleportation
 r - 2 scrolls of poison
 s - 3 scrolls of immolation
 t - 4 scrolls of amnesia
 w - 3 scrolls of blinking
 z - 2 scrolls of enchant weapon
 A - 2 scrolls of noise {unknown}
 B - 2 scrolls of fear
 D - a scroll of fog
 F - 2 scrolls of enchant armour
 Q - a scroll of vulnerability {unknown}
 R - a scroll of summoning {unknown}
Potions
 g - 3 potions of degeneration
 i - 3 potions of resistance
 k - a potion of ambrosia
 n - 5 potions of heal wounds
 o - 3 potions of mutation
 p - 5 potions of curing
 q - a potion of brilliance
 x - 3 potions of lignification
 C - 3 potions of might
 E - a potion of invisibility {unknown}
 I - a potion of enlightenment
 J - a potion of haste
 M - a potion of berserk rage {unknown}
 O - 2 potions of magic {unknown}
 P - a potion of attraction {unknown}


   Skills:
 - Level 9.1 Fighting
 - Level 3.1 Staves
 - Level 2.1 Throwing
 - Level 9.4 Dodging
 + Level 9.3 Spellcasting
 * Level 10.4 Conjurations
 - Level 5.0 Transmutations
 - Level 4.0 Ice Magic
 - Level 3.0 Air Magic
 - Level 3.5 Poison Magic


You had 13 spell levels left.
You knew the following spells:

 Your Spells              Type           Power      Damage    Failure   Level
a - Kiss of Death         Conj/Necr      100%       2d13      1%          1
b - Poisonous Vapours     Pois/Air       44%        N/A       1%          2
c - Irradiate             Conj/Tmut      20%        3d18      2%          5
d - Mephitic Cloud        Conj/Pois/Air  31%        N/A       1%          3
e - Freezing Cloud        Conj/Ice/Air   16%        6-21      5%          5

Your spell library contained the following spells:

 Spells                   Type           Power      Damage    Failure   Level
 Wereblood                Tmut           29%        N/A       1%          2
 Conjure Ball Lightning   Conj/Air       18%        3x3d6     19%         6
 Summon Guardian Golem    Hex/Summ       9%         N/A       22%         3
 Orb of Destruction       Conj           25%        9d9       22%         7
 Summon Lightning Spire   Summ/Air       15%        N/A       36%         4
 Lee's Rapid Deconstruct  Erth           4%         3d5*      45%         5
 Spellforged Servitor     Conj/Summ      15%        N/A       85%         7
 Discord                  Hex            4%         N/A       100%        8
 Disjunction              Tloc           4%         N/A       100%        8
 Animate Armour           Summ/Erth      Unusable   N/A       N/A         4

Dungeon Overview and Level Annotations

Branches:
Dungeon (14/15)            Temple (1/1) D:6            Lair (0/5) D:11
    Orc (0/2) D:9         Ossuary (visited)
 Vaults: D:13-14

Altars:
Ashenzari
Cheibriados
Dithmenos
Elyvilon
Fedhas
Gozag
Hepliaklqana
Kikubaaqudgha
Makhleb
Nemelex Xobeh
Okawaru
Qazlal
Ru
Sif Muna
Trog
Uskayaw
Vehumet
Wu Jian
Xom
Yredelemnul
Zin
The Shining One

Shops:
D:5 ?=!(:

Portals:
Trove: D:10 (give 12 potions of heal wounds)

Annotations:
D:3 2 runed translucent doors, dialectric's ghost, amateur GrBe
D:5 exclusions: black bear and ogre
D:6 Maggie
D:7 exclusion: troll


Innate Abilities, Weirdness & Mutations

You cannot wear most types of armour.
You are amphibious.
You can wear up to eight rings at the same time.
Your skin changes colour to match your surroundings (Stealth+).
Your rubbery body absorbs attacks. (AC +1, EV +1)
((You are camouflaged when in or above water. (Stealth+)))
You have tentacles for arms and can constrict up to eight enemies at once.


Message History

Casting: Freezing Cloud (dangerous; 5% risk of failure)
Confirm with . or Enter, or press ? or * to list all spells.
Aiming: Freezing Cloud (dangerous; 5% risk of failure)
Press: ? - help, Dir - move target The two-headed ogre is engulfed in freezing vapours.
The two-headed ogre is engulfed in freezing vapours.
You kill the two-headed ogre!
Vehumet accepts your kill.
Things that are here:
a +0 giant club; a +0 giant club; a two-headed ogre corpse Magic restored.
Partly explored, can't reach some places.
Partly explored, can't reach some places.
Partly explored, can't reach some places.
Things that are here:
a +0 giant club; a +0 giant club; a two-headed ogre corpse What level of the Dungeon? (default 1, ? - help)
There is an open door here.
There is a stone staircase leading up here.
You climb upwards.
There is a stone staircase leading down here.
You enter the shallow water.
There is an open door here.
There is an open door here.
There is a stone staircase leading up here.
You climb upwards.
Level annotation: 2 runed translucent doors, dialectric's ghost, amateur GrBe
There is a stone staircase leading down here.
There is an escape hatch in the ceiling here.
A mysterious force pulls you upwards. The hatch slams shut behind you.
You enter the shallow water.
You enter the shallow water.
There is a stone staircase leading up here.
You climb upwards.
There is a stone staircase leading down here.
You see here a +0 club.
There is an escape hatch in the floor here.
There is a staircase leading out of the dungeon here.
Alright, then stay!
You have escaped!

..#....................#.########
#.#......)...........#.#........#
##..........##..####.#.########.#
##....^....##..# #.#.# #.#
#.........##..# #...# #..
####..##.###..# ###.# #.. #..##.#
#..# #.# #.. #####.....###.###
#.# #.. #...)..##.....#@#####.#
#.. #.###..##.###.#>#.....####
#.. #.# #.........#.#........#
#.. #.#
#.###.###.#..####.##.#####.. #.#
#.# #.# #.##.# #............
##.###.# #.# #....###..##........
....##.# #.# ####.........#.#####
.....#.# #.# ####.###..####.# #
#...##.###.###..............# #


There were no monsters in sight!

Vanquished Creatures
  Erolcha (D:9)
  2 boulder beetles (D:11)
  2 two-headed ogres
  2 manticores (D:12)
  Maurice (D:10)
  3 cyclopes
  Joseph (D:10)
  A cane toad (shapeshifter) (D:13)
  3 unseen horrors
  4 kobold demonologists (D:12)
  3 trolls
  2 hornets (D:9)
  16 slime creatures (D:12)
  Sigmund (D:3)
  2 wraiths
  A vampire (D:12)
  11 yaks
  A shadow (D:10)
  A wyvern (D:8)
  Grum (D:10)
  11 orc warriors
  A hornet zombie (Ossuary)
  An ice beast (D:8)
  2 black bears
  An ogre (D:5)
  3 wolves (D:10)
  A phantom (D:6)
  3 bullfrogs
  6 kobold brigands
  A scorpion (D:5)
  4 wyvern zombies (Ossuary)
  8 wights
  16 killer bees
  6 howler monkeys
  8 bullfrog zombies (Ossuary)
  3 centaur zombies (Ossuary)
  2 jellies
  11 orc priests
  3 sleepcaps
  A gnoll bouda (D:9)
  A hound (D:7)
  2 iguanas
  Natasha (thrice) (D:2)
  8 orc wizards
  A killer bee zombie (Ossuary)
  15 mummies (Ossuary)
  A howler monkey zombie (Ossuary)
  8 adders
  A shadow imp (D:8)
  3 white imps
  3 worms
  63 orcs
  2 ball pythons (D:1)
  An endoplasm (D:2)
  7 goblins
  4 hobgoblins
  4 jackals (D:3)
  2 quokkas
  2 bats (D:3)
  2 frilled lizards
  20 kobolds
  20 rats
  A spectral hobgoblin (D:2)
325 creatures vanquished.

Vanquished Creatures (collateral kills)
  A killer bee (D:11)
1 creature vanquished.

Grand Total: 326 creatures vanquished

Notes
Turn   | Place    | Note
-------+----------+-------------------------------------------
     0 | D:1      | D12ThenQuit the Octopode Gladiator began the quest for the
                  | Orb.
     0 | D:1      | Reached XP level 1. HP: 14/14 MP: 1/1
   123 | D:1      | Reached XP level 2. HP: 19/19 MP: 2/2
   621 | D:2      | Noticed Natasha
   625 | D:2      | Killed Natasha
   626 | D:2      | Reached XP level 3. HP: 19/25 MP: 3/3
   799 | D:2      | Noticed Natasha
   810 | D:2      | Killed Natasha
   811 | D:2      | Reached XP level 4. HP: 23/31 MP: 4/4
   951 | D:2      | Noticed Natasha
   963 | D:2      | Killed Natasha
  1151 | D:2      | Found a faded altar of an unknown god.
  1349 | D:3      | Reached XP level 5. HP: 35/35 MP: 5/5
  1428 | D:3      | Found a large runed translucent door.
  1428 | D:3      | Found a large runed translucent door.
  1434 | D:3      | Noticed dialectric's ghost (amateur GrBe)
  1518 | D:3      | Noticed Sigmund
  2020 | D:3      | Killed Sigmund
  2021 | D:3      | Reached skill level 5 in Dodging
  2021 | D:3      | Reached XP level 6. HP: 39/45 MP: 6/6
  2478 | D:4      | Found a blossoming altar of Fedhas.
  2696 | D:4      | Noticed a black bear
  2713 | D:4      | Killed a black bear
  2714 | D:4      | Reached skill level 5 in Fighting
  2714 | D:4      | Reached XP level 7. HP: 50/50 MP: 7/7
  2749 | D:4      | Found a burning altar of Makhleb.
  2751 | D:4      | Noticed a green death
  3046 | D:5      | Entered Level 5 of the Dungeon
  3244 | D:5      | Found a glowing silver altar of Zin.
  3310 | D:5      | Identified the +1 flail "Dragonbane" {elec, rC+ Int+3 Dex-3
                  | SInv}
  3338 | D:5      | Found Woel's Magic Scroll Emporium.
  3353 | D:5      | Bought a scroll of blinking for 105 gold pieces
  3353 | D:5      | Bought a scroll of identify for 28 gold pieces
  3353 | D:5      | Bought a scroll of identify for 28 gold pieces
  3382 | D:5      | Found Jebag's Jewellery Emporium.
  3406 | D:5      | Found Tostry's Antique Weapon Shop.
  3410 | D:5      | Found the amulet of Elemental Vulnerability {rPois rF--
                  | rC-- AC+8}
  3435 | D:5      | Found Reschec's Distillery.
  3463 | D:5      | Bought a potion of heal wounds for 55 gold pieces
  3611 | D:5      | Found Bifonicenu's Book Boutique.
  3619 | D:5      | Found a snail-covered altar of Cheibriados.
  3762 | D:5      | Found a shimmering blue altar of Sif Muna.
  3877 | D:5      | Noticed a two-headed ogre
  4003 | D:6      | Noticed Maggie
  4196 | D:6      | Found a staircase to the Ecumenical Temple.
  4202 | Temple   | Entered the Ecumenical Temple
  4210 | Temple   | Became a worshipper of Vehumet
  4329 | D:6      | Found a shimmering altar of Xom.
  4348 | D:6      | Reached XP level 8. HP: 48/58 MP: 8/8
  4962 | D:6      | Identified the +3 ring mail of Hepliaklqana's Fury {Harm
                  | *Slow rElec Int+5}
  4998 | D:7      | Noticed a troll
  5020 | D:7      | Found a sand-covered staircase.
  5024 | Ossuary  | Entered an ossuary
  5207 | Ossuary  | Reached * piety under Vehumet
  5207 | Ossuary  | Offered knowledge of Freeze by Vehumet.
  5284 | Ossuary  | Reached XP level 9. HP: 40/66 MP: 9/9
  5697 | D:7      | Offered knowledge of Kiss of Death by Vehumet.
  5810 | D:7      | Reached ** piety under Vehumet
  6168 | D:7      | Upgraded the game from 0.31-a0-986-g5e6e4ef867 to
                  | 0.31-a0-1074-g0b22e4e0f1
  6279 | D:8      | Reached skill level 1 in Spellcasting
  6286 | D:8      | Learned a level 1 spell: Kiss of Death
  6289 | D:8      | Reached skill level 1 in Conjurations
  6304 | D:8      | Reached skill level 2 in Conjurations
  6473 | D:8      | Offered knowledge of Poisonous Vapours by Vehumet.
  6477 | D:8      | Learned a level 2 spell: Poisonous Vapours
  6567 | D:8      | Reached skill level 1 in Air Magic
  6567 | D:8      | Reached skill level 1 in Poison Magic
  6761 | D:8      | Reached XP level 10. HP: 74/74 MP: 11/14
  6780 | D:8      | Reached *** piety under Vehumet
  7553 | D:9      | Noticed a two-headed ogre
  7696 | D:9      | Noticed Erolcha
  7703 | D:9      | Killed Erolcha
  7704 | D:9      | Reached skill level 3 in Conjurations
  7814 | D:9      | Reached skill level 4 in Conjurations
  8032 | D:9      | Learned a level 5 spell: Irradiate
  8209 | D:9      | Offered knowledge of Mephitic Cloud by Vehumet.
  8210 | D:9      | Reached skill level 5 in Spellcasting
  8215 | D:9      | Learned a level 3 spell: Mephitic Cloud
  8338 | D:8      | Reached skill level 5 in Conjurations
  8690 | D:9      | Reached skill level 1 in Transmutations
  8824 | D:9      | Killed a two-headed ogre
  8825 | D:9      | Reached skill level 6 in Conjurations
  8829 | D:9      | Reached XP level 11. HP: 51/80 MP: 10/18
  9013 | D:9      | Reached **** piety under Vehumet
  9021 | D:9      | Found a staircase to the Orcish Mines.
  9366 | D:10     | Entered Level 10 of the Dungeon
  9371 | D:10     | Noticed Joseph
  9454 | D:10     | Killed Joseph
  9547 | D:10     | Found a sparkling altar of Nemelex Xobeh.
  9588 | D:10     | Reached skill level 7 in Conjurations
  9675 | D:10     | Found a white marble altar of Elyvilon.
  9783 | D:10     | Noticed Grum
  9800 | D:10     | Noticed Maurice
  9823 | D:10     | Killed Maurice
  9837 | D:10     | Killed Grum
  9946 | D:10     | Reached skill level 5 in Transmutations
  9955 | D:10     | Offered knowledge of Freezing Cloud by Vehumet.
  9966 | D:10     | Learned a level 5 spell: Freezing Cloud
 10123 | D:10     | Reached skill level 1 in Ice Magic
 10253 | D:10     | Found a portal to a secret trove of treasure.
 10375 | D:10     | Found the +2 ratskin cloak {*Rats rPois rN+ Str-1 Int-1
                  | Dex+1}
 10408 | D:10     | Found a basalt altar of Yredelemnul.
 10744 | D:11     | Noticed a boulder beetle
 10753 | D:11     | Killed a boulder beetle
 10930 | D:11     | Found a staircase to the Lair.
 10936 | D:11     | Noticed a cyclops
 10940 | D:11     | Killed a cyclops
 11025 | D:11     | Noticed a boulder beetle
 11037 | D:11     | Killed a boulder beetle
 11572 | D:11     | Noticed a cyclops
 11578 | D:11     | Killed a cyclops
 11770 | D:12     | Noticed a manticore
 11773 | D:12     | Killed a manticore
 11943 | D:12     | Reached XP level 12. HP: 53/85 MP: 15/24
 12078 | D:12     | Reached skill level 8 in Conjurations
 12115 | D:12     | You fall into a shaft and drop 2 floors!
 12440 | D:12     | Reached skill level 9 in Conjurations
 13127 | D:12     | Reached skill level 10 in Conjurations
 13802 | D:5      | Bought a slimy short sword for 152 gold pieces
 13802 | D:5      | Identified the +1 short sword of Butchery {heavy, Int+4
                  | Dex+3} (You bought it in a shop on level 5 of the Dungeon)
 13864 | D:5      | Reached ***** piety under Vehumet
 14091 | D:5      | Killed a two-headed ogre
 14280 | D:$      | Got out of the dungeon alive.

Illustrated notes

Levels and vault maps discovered:
D:1:      dpeg_arrival_tiny_k, layout_loops_ring
D:2:      layout_basic, dreamdust_ecumenical_altar_drowned_temple,
          minmay_rat_hole, uniq_natasha
D:3:      layout_basic, ebering_ghost_disaster_area, eino_tiny_chamber,
          st_stairs_2, uniq_sigmund
D:4:      layout_gridville, fedhas_ov_isle_minmay, makhleb_altar_promises_db
D:5:      layout_gridville, nicolae_overflow_crystal_walls,
          kennysheep_little_box, cheibriados_altar_1, serial_shops,
          nicolae_shop_statue_plus, shop, nicolae_shop_window_shopping,
          shop_coins, nicolae_shop_real_fake_doors
D:6:      layout_rooms, mainiacjoe_overflow_cross_hatched,
          minmay_temple_entry_hall, kennysheep_cross_bottleneck, uniq_maggie
D:7:      lemuel_ice_spiral_2, layout_rooms, enter_bailey_3,
          nicolae_ossuary_entry_plus, minmay_misc_feat_enclosed, minivault_4,
          minmay_misc_feat_four_crosses
D:8:      layout_loops_cross
D:9:      minmay_inner_zag, layout_basic, david_orc_5, uniq_erolcha
D:10:     layout_roguey, kennysheep_ying_yang, nemelex_spade_bored_becter,
          nicolae_trove_entry_crossroad, uniq_maurice, uniq_joseph, uniq_grum
D:11:     layout_long_grid, lair_entry_dummy, hangedman_glass_teeth,
          kennysheep_generic_room_3
D:12:     layout_loops_ring
D:13:     layout_grid_maze
D:14:     layout_gridville, grunt_vaults_entry_tiered, serial_park_square3
          [serial_park_minivault_5x5_8], kennysheep_small_spiral,
          xom_teletrap_fun
Temple:   nicolae_temple_bog_church

Skill      XL: |  1  2  3  4  5  6  7  8  9 10 11 12 |
---------------+-------------------------------------+-----
Fighting       | 3 4 5 6 8 9 |  9.1
Dodging        | 4 5 6 8 9 |  9.4
Spellcasting   | 2 5 8 9 |  9.3
Conjurations   | 2 6 7 10 | 10.4
Air Magic      | 1 3 |  3.0
Poison Magic   | 2 3 |  3.5
Transmutations | 3 5 |  5.0
Ice Magic      | 4 |  4.0
Staves         | |  3.1
Throwing       | |  2.1

Action                     |  1- 3 |  4- 6 |  7- 9 | 10-12 || total
---------------------------+-------+-------+-------+-------++-------
  Melee: Quarterstaff      |    35 |   110 |   382 |       ||   527
         Constrict         |     8 |    21 |    76 |    38 ||   143
         Tentacles         |     7 |    18 |   133 |    59 ||   217
         Punch             |       |       |     9 |     3 ||    12
         War axe           |       |       |    17 |   226 ||   243
   Fire: Orcbow            |       |       |     1 |       ||     1
  Throw: Throwing net      |       |     1 |       |       ||     1
         Dart              |       |     5 |    15 |     3 ||    23
         Javelin           |       |       |     9 |       ||     9
   Cast: Poisonous Vapours |       |       |     2 |    78 ||    80
         Mephitic Cloud    |       |       |       |    15 ||    15
         Freezing Cloud    |       |       |       |    29 ||    29
         Irradiate         |       |       |       |    19 ||    19
  Evoke: Wand              |       |       |       |     3 ||     3
    Use: Potion            |     3 |     2 |     6 |       ||    11
         Scroll            |       |       |     8 |     5 ||    13
   Stab: Sleeping          |     4 |     3 |     2 |     1 ||    10
         Confused          |       |       |       |     4 ||     4
 Armour: Skin              |    13 |    57 |   199 |   154 ||   423
  Dodge: Dodged            |    18 |    71 |   278 |   239 ||   606

Table legend: (Time is in decaauts)
 A = Elapsed time spent in this place.
 B = Non-inter-level travel time spent in this place.
 C = Inter-level travel time spent in this place.
 D = Time resting spent in this place.
 E = Time spent auto-exploring this place.
 F = Levels seen in this place.
 G = Mean time per level.
                   A        B        C        D        E       F      G
               +--------+--------+--------+--------+--------+-----+--------+
         Total |  14532 |  13601 |    931 |   1726 |   6454 |  16 |  908.2 |
       Dungeon |  13919 |  12988 |    931 |   1726 |   6454 |  14 |  994.2 |
        Temple |     16 |     16 |      0 |      0 |      0 |   1 |   16.0 |
       Ossuary |    595 |    595 |      0 |      0 |      0 |   1 |  595.0 |
               +--------+--------+--------+--------+--------+-----+--------+

Top non-repeatable levels by time:
     D:9: 2163 daAuts
    D:12: 1717 daAuts
     D:5: 1596 daAuts
    D:11: 1312 daAuts
    D:10: 1134 daAuts
     D:8: 1116 daAuts
     D:3: 922 daAuts
     D:2: 912 daAuts
     D:4: 803 daAuts
     D:6: 782 daAuts
     D:7: 704 daAuts
 Ossuary: 595 daAuts
     D:1: 591 daAuts
    D:14: 116 daAuts
    D:13: 43 daAuts
